 Dungeon Crawl Stone Soup version 0.25.1-2-g60ff931df9 (webtiles) character file.

Game seed: 6169700901995157182

296 growler the Chiller (level 5, 34/38 HPs)
             Began as a Demigod Ice Elementalist on Oct 21, 2020.
             Starved to death
             ... on level 4 of the Dungeon.
             The game lasted 00:09:28 (4225 turns).

growler the Chiller (Demigod Ice Elementalist)      Turns: 4225, Time: 00:09:29

Health: 34/38      AC:  5    Str: 11    XL:     5   Next: 86%
Magic:  19/19      EV: 12    Int: 21    God:
Gold:   224        SH:  0    Dex: 16    Spells: 1/8 levels left

rFire    . . .     SeeInvis .   c - +0 dagger
rCold    . . .     Gourm    .   (no shield)
rNeg     . . .     Faith    .   y - +0 troll leather armour {Purgy}
rPois    .         Spirit   .   (no helmet)
rElec    .         Reflect  .   (no cloak)
rCorr    .         Harm     .   (no gloves)
MR       .....                  p - +0 pair of boots (curse)
Stlth    +.........             (no amulet)
HPRegen  0.52/turn              n - ring of attention (curse)
MPRegen  0.16/turn              o - ring of magical power

@: fainting
A: high mp 1
a: no special abilities


You were on level 4 of the Dungeon.
You were fainting.

You visited 1 branch of the dungeon, and saw 4 of its levels.
You also visited: Sewer.

You collected 224 gold pieces.

Inventory:

Hand Weapons
 c - a +0 dagger (weapon)
   (You took it off a kobold on level 1 of the Dungeon)
Armour
 a - a +0 robe
 g - a +0 kite shield
   (You found it on level 1 of the Dungeon)
 p - a cursed +0 pair of boots (worn)
   (You found it on level 2 of the Dungeon)
 y - a +0 troll leather armour (worn) {Purgy}
   (You found it in a sewer)
Jewellery
 n - a cursed ring of attention (left hand)
   (You found it on level 2 of the Dungeon)
 o - a ring of magical power (right hand)
   (You found it on level 2 of the Dungeon)
Scrolls
 d - a scroll of immolation {unknown}
 h - a scroll of magic mapping {unknown}
 k - 3 scrolls of teleportation {unknown}
 l - a scroll of remove curse {unknown}
 r - a scroll of enchant weapon {unknown}
 s - a scroll of amnesia {unknown}
 v - 3 scrolls of fear {unknown}
 w - a scroll of blinking {unknown}
Potions
 b - 2 potions of ambrosia {unknown}
 f - a potion of cancellation {unknown}
 i - a potion of flight {unknown}
 j - a potion of haste {unknown}
 m - 4 potions of heal wounds {unknown}
 q - a potion of resistance
 u - a potion of brilliance {unknown}
 x - a potion of stabbing {unknown}
 z - a potion of curing {unknown}


   Skills:
 - Level 1.7 Dodging
 - Level 1.7 Stealth
 - Level 2.0 Spellcasting
 + Level 6.7 Ice Magic


You had one spell level left.
You knew the following spells:

 Your Spells              Type           Power        Failure   Level  Hunger
a - Freeze                Ice            ####         1%          1    #......
b - Frozen Ramparts       Ice            ####..       3%          3    ###....
c - Ozocubu's Armour      Chrm/Ice       ###.....     14%         3    ###....

Your spell library contained the following spells:

 Spells                   Type           Power        Failure   Level  Hunger
 Foxfire                  Conj/Fire      #...         19%         1    #......
 Hailstorm                Conj/Ice       ###.....     43%         4    #####..
 Summon Ice Beast         Ice/Summ       ###.....     43%         4    #####..
 Cause Fear               Hex            #.........   88%         4    #####..
 Dragon Form              Tmut           #.........   100%        7    #######
 Dragon's Call            Summ           #.........   100%        9    #######


Dungeon Overview and Level Annotations

Branches:
Dungeon (4/15)              Sewer (visited)
 Temple: D:4-7


Innate Abilities, Weirdness & Mutations

You have an increased reservoir of magic. (+10% MP)


Message History

You barely miss the hungry ghost.
The hungry ghost resists.
The wall freezes the hungry ghost.
The hungry ghost hits you.
You are starving!
You miss the hungry ghost.
The hungry ghost resists.
The wall freezes the hungry ghost.
The hungry ghost hits you.
You feel somewhat more hungry.
You closely miss the hungry ghost.
The hungry ghost resists.
The wall freezes the hungry ghost.
The hungry ghost hits you.
You feel somewhat more hungry.
You closely miss the hungry ghost.
You are fainting from starvation!
The hungry ghost completely resists.
The wall freezes the hungry ghost but do no damage.
The hungry ghost hits you.
You feel slightly more hungry.
You barely miss the hungry ghost.
The hungry ghost completely resists.
The wall freezes the hungry ghost but do no damage.
The hungry ghost barely misses you.
You closely miss the hungry ghost.
The hungry ghost completely resists.
The wall freezes the hungry ghost but do no damage.
The hungry ghost hits you.
You feel slightly more hungry.
You closely miss the hungry ghost.
The hungry ghost completely resists.
The wall freezes the hungry ghost but do no damage.
The hungry ghost misses you.
You miss the hungry ghost.
The hungry ghost completely resists.
The wall freezes the hungry ghost but do no damage.
The hungry ghost hits you.
You feel slightly more hungry.
You barely miss the hungry ghost.
The hungry ghost resists.
The wall freezes the hungry ghost.
The hungry ghost hits you.
You feel slightly more hungry.
You barely miss the hungry ghost.
The frozen ramparts melt away.
The hungry ghost closely misses you.
You hit the hungry ghost but do no damage.
The hungry ghost hits you.
You feel slightly more hungry.
You hit the hungry ghost but do no damage.
The hungry ghost closely misses you.
You barely miss the hungry ghost. The hungry ghost hits you.
You feel slightly more hungry.
You barely miss the hungry ghost. The hungry ghost hits you.
You feel slightly more hungry.
You hit the hungry ghost but do no damage.
The hungry ghost hits you.
You feel slightly more hungry.
You hit the hungry ghost. The hungry ghost closely misses you.
You hit the hungry ghost. The hungry ghost hits you.
You feel slightly more hungry.
Unknown command.
Unknown command.
You barely miss the hungry ghost. The hungry ghost hits you.
You hit the hungry ghost but do no damage.
You have starved to death.
You die...

#####
#...####################
#.#...............<....#
####...##################.#
#.............# #.#
#.###.#######.#
######.####.# # #.#
#.######.....#(....#
#...#####.#...........######
###.......W@.....#....#
#.#####.#.#######.#.# #
#.#.# #.#.### #.#.# #.#.#.##
#.#(# ###.#..#.## #.#.#
#.....###.## ..#.# #.#..##
##.. ###.# #.### ##.## ##.##
#.# #....


You could see a hungry ghost.

Vanquished Creatures
  Purgy (Sewer)
  Natasha (thrice) (D:2)
  4 adders
  3 worms
  5 dart slugs
  A leopard gecko (D:3)
  4 orcs (D:3)
  4 giant cockroaches
  7 goblins
  7 hobgoblins
  A jackal (D:1)
  10 kobolds
  2 quokkas (D:3)
  8 bats
  5 frilled lizards
  12 rats
77 creatures vanquished.

Notes
Turn   | Place    | Note
-------+----------+-------------------------------------------
     0 | D:1      | growler the Demigod Ice Elementalist began the quest for
                  | the Orb.
     0 | D:1      | Reached XP level 1. HP: 14/14 MP: 5/5
   114 | D:1      | Reached skill level 4 in Ice Magic
   114 | D:1      | Reached XP level 2. HP: 9/20 MP: 5/7
   997 | D:2      | Reached XP level 3. HP: 22/26 MP: 8/8
  1002 | D:2      | Learned a level 3 spell: Frozen Ramparts
  2024 | D:2      | Found a shattered altar of Ashenzari.
  2025 | D:2      | Noticed Natasha
  2032 | D:2      | Killed Natasha
  2032 | D:2      | Reached skill level 5 in Ice Magic
  2055 | D:2      | Noticed Natasha
  2072 | D:2      | Killed Natasha
  2072 | D:2      | Reached XP level 4. HP: 10/33 MP: 9/9
  2229 | D:2      | Noticed Natasha
  2237 | D:2      | Killed Natasha
  2911 | D:3      | Reached XP level 5. HP: 38/38 MP: 10/10
  3141 | D:3      | Found a glowing drain.
  3174 | Sewer    | Entered a sewer
  3183 | Sewer    | Reached skill level 6 in Ice Magic
  3197 | Sewer    | Learned a level 3 spell: Ozocubu's Armour
  3238 | Sewer    | Noticed Purgy
  3246 | Sewer    | Killed Purgy
  3546 | D:3      | Found a shimmering altar of Xom.
  4098 | D:4      | Noticed a hungry ghost
  4189 | D:4      | Paralysed by fainting for 12 turns
  4225 | D:4      | Starved to death

Illustrated notes

Levels and vault maps discovered:
D:1:      dpeg_arrival_boxorama, layout_rooms, minmay_bisected
D:2:      layout_basic, evilmike_ruin_ashenzari, uniq_natasha
D:3:      layout_loops_cross, xom_teletrap_fun, cheibrodos_sewer_entry_bend,
          first_ration
D:4:      layout_loops_ring, overflow_temple_1_default, kennysheep_little_box,
          lemuel_coloured_pillars_altar, uniq_blork_the_orc

Skill      XL: |  1  2  3  4  5 |
---------------+----------------+-----
Spellcasting   | 2 |  2.0
Ice Magic      | 4 5 6 |  6.7
Dodging        | |  1.7
Stealth        | |  1.7

Action                   |  1- 3 |  4- 6 || total
-------------------------+-------+-------++-------
Melee: Dagger            |    79 |   128 ||   207
 Cast: Freeze            |    31 |    28 ||    59
       Frozen Ramparts   |     4 |    10 ||    14
       Ozocubu's Armour  |       |     1 ||     1
 Stab: Sleeping          |     4 |       ||     4
  Eat: Chunk             |     3 |     6 ||     9
       Ration            |       |     4 ||     4
Armor: Robe              |    18 |    12 ||    30
       Troll leather arm |       |    53 ||    53
Dodge: Dodged            |    64 |    90 ||   154
